Map: Nightscape CE

Players

Ekelpack

  • Race: Zerg Zerg
  • Spawn Location: 7:00

Nyck

  • Race: Terran Terran
  • Spawn Location: 7:00

CYYYY - Winner!

  • Race: Terran Terran
  • Spawn Location: 1:00

JOHNBURGOS - Winner!

  • Race: Protoss Protoss
  • Spawn Location: 1:00

VOD

Have the link to the VOD?

Description

Time

  • Played on: Oct. 8, 2024, 1:38 p.m.
  • Length: 11:07
Show
View Real Time Build Order
Export as new Build Order

Ekelpack Zerg 

Build Orders: Hatch First, Roach Hydra 

Get SALT Encoding   

  12  0:00  Drone  
  13  0:13  Overlord  
  13  0:17  Drone  
  14  0:32  Drone  
  15  0:49  Drone  
  16  0:50  Hatchery  
  15  1:04  Spawning Pool  
  15  1:07  Drone  
  15  1:12  Drone, Extractor  
  15  1:17  Drone  
  16  1:21  Drone  
  17  1:29  Drone  
  18  1:52  Queen  
  20  1:55  Overlord  
  20  2:02  Queen  
  22  2:09  Drone  
  22  2:14  Metabolic Boost  
  23  2:21  Zergling x4  
  25  2:28  Drone x2  
  28  2:37  Zergling x4  
  28  2:42  Queen  
  31  2:51  Lair  
  31  2:55  Drone, Extractor  
  31  2:56  Drone  
  32  3:06  Drone x3  
  32  3:08  Extractor  
  34  3:17  Roach Warren  
  35  3:20  Drone x3  
  36  3:38  Evolution Chamber  
  36  3:41  Zergling x2  
  36  3:49  Drone, Extractor  
  36  3:51  Overlord  
  36  4:05  Hydralisk Den, Zerg Missile Weapons Level 1  
  36  4:07  Overlord  
  35  4:10  Drone x2  
  35  4:11  Drone x3  
  40  4:18  Drone  
  41  4:26  Roach x5  
  41  4:30  Glial Reconstitution  
  51  4:35  Grooved Spines  
  51  4:36  Overlord  
  51  4:48  Drone, Overlord  
  51  4:49  Overlord  
  52  4:54  Hydralisk x3  
  58  5:08  Hydralisk x2  
  58  5:11  Roach  
  58  5:12  Zergling x6  
  67  5:28  Muscular Augments  
  67  5:31  Hydralisk  
  67  5:32  Overlord  
  69  5:47  Drone  
  69  5:48  Drone x3  
  73  6:00  Hatchery  
  72  6:09  Overlord, Hydralisk x4  
  72  6:10  Hydralisk x2  
  84  6:26  Zerg Missile Weapons Level 2  
  67  7:02  Pneumatized Carapace  
  67  7:03  Zergling x6  
  67  7:07  Drone x7  
  67  7:08  Drone x5  
  81  7:13  Tunneling Claws  
  82  7:29  Drone, Extractor  
  83  7:30  Drone x2  
  84  7:50  Hydralisk x3  
  84  7:51  Hydralisk x3  
  90  7:52  Overlord x2  
  90  7:58  Overlord  
  96  8:11  Roach x7  
  96  8:12  Roach  
  112  8:21  Extractor  
  112  8:23  Drone x2  
  113  8:29  Queen  
  115  8:40  Overlord, Roach x3  
  115  8:41  Overlord x2  
  121  8:42  Zerg Ground Armor Level 1  
  121  8:55  Overseer  
  121  8:59  Overlord x2, Roach x3  
  121  9:01  Roach x7  
  141  9:16  Hydralisk x2  
  145  9:18  Overlord  
  145  9:35  Overseer  
  145  9:37  Overlord  
  145  9:38  Overlord, Hydralisk x2  
  145  9:39  Hydralisk x6  
  145  9:44  Hatchery  
  110  10:13  Hydralisk x4  
  110  10:14  Hydralisk x6  
  108  10:15  Hydralisk x4  
Show
View Real Time Build Order
Export as new Build Order

Nyck Terran 

Build Orders:  

Get SALT Encoding   

  12  0:00  SCV  
  13  0:12  SCV  
  14  0:17  Supply Depot  
  14  0:24  SCV  
  15  0:39  SCV  
  15  0:42  Barracks  
  16  0:48  Refinery  
  16  0:51  SCV  
  17  0:59  Barracks  
  17  1:03  SCV  
  18  1:15  SCV  
  19  1:24  Refinery  
  19  1:32  Reaper  
  20  1:34  Orbital Command  
  20  1:39  Supply Depot  
  20  1:47  Marine  
  21  2:02  SCV  
  21  2:05  Supply Depot  
  22  2:14  Barracks Tech Lab  
  22  2:15  Barracks Reactor  
  22  2:19  SCV  
  22  2:32  Factory  
  22  2:35  Combat Shield  
  22  2:36  Barracks  
  22  2:50  SCV  
  22  2:51  Marine x3  
  26  3:08  SCV, Marine  
  28  3:20  SCV  
  28  3:24  Marine x2  
  31  3:32  SCV  
  32  3:34  Marine  
  32  3:42  Barracks Reactor  
  32  3:44  SCV  
  32  3:47  Factory Reactor  
  33  3:50  Starport  
  33  3:51  Marine x2  
  35  4:00  Engineering Bay x2  
  35  4:07  Stimpack  
  35  4:13  Marauder  
  37  4:20  Marine x2  
  39  4:32  Supply Depot  
  39  4:34  Marine  
  39  4:38  Marine x2  
  42  4:39  Marine x2  
  41  4:45  Medivac  
  44  4:51  Supply Depot  
  46  4:55  Terran Infantry Armor Level 1  
  46  4:57  Terran Infantry Weapons Level 1  
  46  5:03  SCV  
  46  5:06  Supply Depot  
  47  5:16  Medivac  
  47  5:17  Medivac  
  47  5:20  SCV  
  52  5:29  Marine, Marauder  
  52  5:31  Marine  
  56  6:00  SCV  
  57  6:08  Command Center  
  57  6:29  SCV  
  49  7:04  SCV  
  49  7:07  Viking x2  
  54  7:12  Armory  
  54  7:17  Armory  
  54  7:21  Orbital Command  
  54  7:22  Refinery  
  54  7:24  SCV  
  55  7:35  Marauder  
  55  7:36  SCV  
  58  7:37  Viking  
  58  7:38  Viking  
  62  7:46  Starport  
  62  7:48  SCV  
  62  7:50  SCV  
  62  7:51  Starport  
  64  8:00  SCV, Marauder  
  64  8:02  SCV  
  68  8:07  Viking  
  68  8:08  Viking  
  72  8:13  SCV  
  72  8:14  SCV  
  74  8:23  Terran Vehicle And Ship Armor Level 1  
  74  8:25  SCV  
  74  8:26  SCV  
  76  8:29  Terran Ship Weapons Level 1  
  76  8:33  Refinery  
  76  8:34  Marauder  
  76  8:37  Viking  
  76  8:38  Viking  
  76  8:40  SCV x2  
  84  8:59  SCV  
  84  9:00  SCV  
  86  9:19  Supply Depot  
  86  9:41  SCV x2, Viking x3  
  86  9:42  Supply Depot  
  94  9:56  SCV x2  
  94  9:59  Command Center  
  74  10:05  Supply Depot  
  66  10:08  SCV x2  
  58  10:19  Viking  
  58  10:20  Viking x5  
  68  10:28  Supply Depot  
Show
View Real Time Build Order
Export as new Build Order

CYYYY Terran - Winner!

Build Orders:  

Get SALT Encoding   

  12  0:00  SCV  
  13  0:18  SCV  
  13  0:19  Supply Depot  
  14  0:30  SCV  
  15  0:42  Barracks  
  15  0:45  SCV  
  15  0:47  Refinery  
  16  0:57  SCV  
  17  1:11  SCV  
  18  1:29  Orbital Command  
  18  1:37  Command Center  
  18  1:38  Barracks Reactor  
  18  1:56  SCV  
  18  2:00  Supply Depot  
  19  2:12  SCV  
  19  2:15  Marine x2  
  22  2:24  SCV  
  22  2:26  Supply Depot  
  23  2:35  Marine x2  
  23  2:36  SCV  
  26  2:48  SCV  
  26  2:49  Orbital Command  
  27  2:54  Bunker  
  27  3:03  SCV  
  28  3:10  Refinery  
  28  3:15  SCV  
  28  3:18  SCV  
  30  3:28  SCV  
  30  3:29  Supply Depot  
  30  3:30  SCV, Marine x2  
  30  3:31  Supply Depot  
  34  3:40  Factory  
  34  3:47  Barracks  
  34  3:49  Barracks  
  34  3:51  SCV x2  
  36  3:56  Supply Depot  
  36  4:03  SCV x2, Marine x2  
  40  4:15  SCV x2  
  42  4:19  Refinery  
  42  4:22  Marine  
  42  4:23  Marine  
  44  4:24  Factory Tech Lab  
  44  4:27  SCV x2  
  46  4:31  Barracks  
  46  4:35  Engineering Bay  
  46  4:39  Barracks Reactor  
  46  4:40  Barracks Tech Lab  
  46  4:42  Marine x2  
  46  4:44  Siege Tank  
  46  4:45  SCV x2  
  52  4:46  Supply Depot  
  53  4:57  SCV x2  
  53  4:59  Stimpack  
  55  5:08  Marine  
  55  5:09  SCV  
  55  5:10  SCV  
  55  5:13  Supply Depot  
  58  5:16  Siege Tank  
  58  5:19  Barracks Reactor  
  58  5:20  Marine x2, Starport  
  63  5:30  SCV x2  
  63  5:31  Refinery  
  63  5:32  Terran Infantry Weapons Level 1  
  65  5:37  Supply Depot  
  65  5:41  Marine x3  
  65  5:42  SCV x2  
  70  5:56  Barracks  
  70  5:57  Barracks  
  70  6:00  SCV x2  
  70  6:04  Siege Tank  
  75  6:05  Marine x2, Marauder  
  75  6:06  Marine x2  
  75  6:07  Starport Reactor  
  81  6:14  Supply Depot  
  81  6:23  Marine x2  
  81  6:24  Marine x2  
  85  6:26  Marine  
  86  6:36  Siege Tank  
  89  6:45  Supply Depot  
  61  6:59  Marine, Medivac x2  
  61  7:00  Marine  
  69  7:01  Marine x2, Marauder  
  69  7:03  Barracks Reactor  
  71  7:10  Supply Depot  
  71  7:12  Supply Depot  
  71  7:13  Barracks Reactor  
  71  7:17  Marine x2  
  71  7:19  Siege Tank, Marine x2  
  80  7:22  Marauder  
  80  7:26  Supply Depot x2  
  80  7:27  Terran Infantry Armor Level 1  
  80  7:43  Engineering Bay  
  80  7:45  Armory  
  80  7:50  Marine x2  
  80  7:51  Marine x3  
  83  7:52  Marine x2, Medivac x2  
  83  7:53  Supply Depot, Marine x2  
  83  7:54  Siege Tank  
  83  7:55  Supply Depot  
  96  8:07  Marine  
  96  8:11  Marine  
  96  8:12  Marine  
  99  8:15  Marine x2  
  99  8:19  Marine x2  
  103  8:20  Marine x2  
  103  8:26  Siege Tank, Marauder  
  110  8:31  Terran Infantry Weapons Level 2  
  110  8:46  Command Center  
  108  9:08  Marauder  
  110  9:11  Siege Tank, Marine  
  110  9:12  Marine x9  
  123  9:29  Marine x7  
  123  9:30  Marine x4  
  134  9:42  Command Center  
  134  9:47  Marine x7  
  140  10:05  Siege Tank  
  140  10:07  Marine, Medivac x2  
  140  10:08  Marine x10  
  152  10:24  Supply Depot  
  152  10:25  Supply Depot  
  150  10:47  Supply Depot  
  150  10:49  Supply Depot  
Show
View Real Time Build Order
Export as new Build Order

JOHNBURGOS Protoss - Winner!

Build Orders: 1 Gate Expand, Colossus Rush 

Get SALT Encoding   

  12  0:00  Probe  
  13  0:12  Probe  
  14  0:24  Probe  
  14  0:25  Pylon  
  15  0:43  Probe  
  15  0:44  Gateway  
  16  0:53  Assimilator  
  16  0:55  Probe  
  17  1:07  Probe  
  18  1:19  Probe  
  19  1:31  Probe  
  19  1:32  Nexus  
  20  1:43  Probe  
  21  1:55  Probe  
  22  2:03  Pylon  
  22  2:07  Cybernetics Core, Gateway  
  22  2:09  Probe  
  23  2:19  Assimilator  
  23  2:21  Probe  
  23  2:34  Probe  
  24  2:46  Probe  
  24  2:49  Probe  
  25  2:55  Warp Gate  
  25  2:56  Stalker x2  
  25  2:58  Probe  
  30  3:01  Probe  
  30  3:02  Robotics Facility  
  31  3:10  Probe  
  30  3:28  Probe  
  30  3:30  Probe  
  32  3:41  Probe  
  33  3:42  Probe  
  33  3:46  Robotics Facility  
  34  3:50  Observer  
  34  3:53  Probe (Chrono Boost)  
  34  3:54  Probe (Chrono Boost)  
  37  4:01  Assimilator  
  37  4:05  Assimilator, Probe (Chrono Boost)  
  37  4:06  Probe (Chrono Boost)  
  39  4:12  Probe (Chrono Boost)  
  39  4:13  Probe (Chrono Boost)  
  41  4:19  Probe  
  41  4:20  Probe  
  41  4:23  Robotics Bay  
  43  4:25  Forge  
  43  4:27  Pylon  
  43  4:30  Pylon  
  43  4:31  Probe  
  43  4:32  Probe  
  45  4:43  Probe  
  47  4:45  Probe  
  47  4:55  Probe  
  47  4:57  Probe  
  49  5:00  Colossus x2  
  49  5:09  Extended Thermal Lance (Chrono Boost)  
  61  5:17  Probe, Photon Cannon  
  61  5:20  Protoss Ground Weapons Level 1 (Chrono Boost), Photon Cannon  
  62  5:28  Forge  
  62  5:40  Pylon  
  62  5:41  Pylon  
  62  5:45  Pylon  
  62  5:50  Twilight Council  
  62  5:58  Probe x2  
  62  6:03  Colossus  
  70  6:10  Probe x2  
  72  6:17  Twilight Council  
  72  6:28  Photon Cannon  
  72  6:31  Photon Cannon  
  72  6:34  Stalker  
  72  6:35  Stalker, Nexus  
  76  6:57  Blink (Chrono Boost)  
  76  7:00  Stalker  
  76  7:01  Stalker  
  80  7:04  Protoss Ground Armor Level 1 (Chrono Boost), Probe x2  
  82  7:18  Probe x2  
  84  7:25  Pylon x2  
  84  7:26  Pylon x2  
  84  7:27  Stalker  
  84  7:28  Protoss Ground Weapons Level 2 (Chrono Boost)  
  86  7:42  Warp Prism  
  86  7:43  Probe, Colossus  
  95  7:45  Pylon  
  95  7:48  Gateway x2  
  95  7:50  Gateway x2  
  95  8:02  Probe  
  96  8:06  Assimilator  
  96  8:08  Stalker x2  
  96  8:09  Assimilator  
  100  8:13  Gravitic Boosters  
  100  8:18  Colossus  
  106  8:29  Probe x3  
  109  8:41  Probe x2  
  110  8:42  Colossus  
  110  8:47  Stargate  
  117  9:01  Stalker  
  117  9:02  Stalker x2  
  123  9:03  Stalker x3  
  123  9:06  Charge (Chrono Boost)  
  129  9:12  Immortal  
  129  9:15  Probe  
  134  9:19  Photon Cannon  
  134  9:38  Stalker x2  
  136  9:39  Stalker  
  140  9:48  Pylon  
  140  9:49  Pylon  
  140  9:51  Pylon  
  140  9:52  Pylon  
  140  9:54  Pylon  
  110  10:15  Colossus (Chrono Boost)  
  110  10:16  Colossus (Chrono Boost)  
  122  10:27  Stalker x2  
  122  10:28  Stalker x4  
  118  10:57  Zealot x4  
  118  10:58  Zealot x2  
Tags
 
Add a new tag
Caveats
  • Supply blocks, unpowered buildings, or Contaminate may cause inaccurate times.
  • Supply counts are checked every 10 seconds.